 Dungeon Crawl Stone Soup version 0.19.4-8-ga85b6b9 (webtiles) character file.

113 Jynx the Skirmisher (level 4, -3/41 HPs)
             Began as a Minotaur Fighter on Feb 8, 2017.
             Slain by Ijyb
             ... wielding a +1 dagger of electrocution
              (18 damage)
             ... on level 2 of the Dungeon.
             The game lasted 00:02:10 (995 turns).

Jynx the Skirmisher (Minotaur Fighter)               Turns: 995, Time: 00:02:11

Health: -3/41      AC:  8    Str: 20    XL:     4   Next: 65%
Magic:  3/3        EV:  7    Int:  5    God:
Gold:   128        SH:  9    Dex: 11    Spells: 0 memorised, 3 levels left

rFire  + . .     SeeInvis .     a - +0 long sword
rCold  . . .     Gourm    .     q - +1 scale mail {rF+}
rNeg   . . .     Faith    .     c - +0 shield
rPois  .         Spirit   .     (helmet restricted)
rElec  .         Reflect  .     (no cloak)
rCorr  .         Harm     .     (no gloves)
MR     .....                    (no boots)
Stlth  ..........               (no amulet)
                                (no ring)
                                (no ring)

@: lethally poisoned (-3 -> -4)
A: retaliatory headbutt, horns 2
a: no special abilities


You were on level 2 of the Dungeon.
You were not hungry.

You visited 1 branch of the dungeon, and saw 2 of its levels.

You collected 128 gold pieces.

Inventory:

Hand Weapons
 a - a +0 long sword (weapon)
Armour
 c - a +0 shield (worn)
 q - a +1 scale mail of fire resistance (worn)
Jewellery
 l - an uncursed amulet of rage {unknown}
Scrolls
 i - a scroll of blinking
Potions
 b - a potion of brilliance {unknown}
 d - a potion of might
 e - 2 potions of flight {unknown}
 j - a potion of agility {unknown}
 p - a potion of degeneration
Comestibles
 f - a bread ration
 g - a beef jerky
 h - a royal jelly
 k - 5 chunks of flesh
 n - a meat ration


   Skills:
 + Level 4.7 Fighting
 * Level 4.2 Long Blades
 + Level 4.1 Armour
 + Level 4.2 Shields


You had 3 spell levels left.
You didn't know any spells.

Dungeon Overview and Level Annotations

Branches:
Dungeon (2/15)

Altars:
Fedhas

Annotations:
D:2 Ijyb


Innate Abilities, Weirdness & Mutations

You reflexively headbutt those who attack you in melee.
You have a pair of horns on your head.


Message History

The adder is moderately wounded.
You block the adder's attack.
Ijyb grins evilly.
You block the adder's attack.
You closely miss the adder.
The adder is moderately wounded.
You feel sick. The adder barely misses you.
You riposte.
Your scale mail prevents you from hitting the adder.
Your headbutt misses the adder.
The adder is moderately wounded.
The adder barely misses you. You furiously retaliate!
You headbutt the adder.
You riposte.
You hit the adder. Your headbutt misses the adder.
The adder is almost dead.
You barely miss the adder.
The adder is almost dead.
The adder bites you.
You slash the adder!
You kill the adder!
Ijyb hits you but does no damage.
You are electrocuted!
You die...

.#.... #.... .# ....#.#
... .# #. ...#. #+#
.###. ... #.#
.....###'## #.. .#
#......####.. ###### .#
#......'....#
#.....##+###.#
#....รท.######
#.........g@.# #......#
#.........######......#
####.....##..........#
#.....##..#...#####
#%.......#_#.##
#######...#..# ##.....#
#######


You could see Ijyb.

Vanquished Creatures
  Jessica (D:2)
  Terence (D:2)
  3 adders (D:2)
  A worm (D:2)
  A dart slug (D:1)
  2 leopard geckos
  2 ball pythons
  A bat (D:2)
  2 giant cockroaches (D:1)
  3 goblins
  3 hobgoblins (D:2)
  4 kobolds (D:1)
  A quokka (D:2)
  2 frilled lizards
  4 rats
31 creatures vanquished.

Notes
Turn   | Place    | Note
-------+----------+-------------------------------------------
     0 | D:1      | Jynx the Minotaur Fighter began the quest for the Orb.
     0 | D:1      | Reached XP level 1. HP: 19/19 MP: 0/0
   250 | D:1      | Reached XP level 2. HP: 24/27 MP: 1/1
   565 | D:2      | Noticed Jessica
   575 | D:2      | Killed Jessica
   575 | D:2      | Reached XP level 3. HP: 32/33 MP: 2/2
   584 | D:2      | Noticed Terence
   589 | D:2      | Killed Terence
   589 | D:2      | Reached XP level 4. HP: 38/40 MP: 3/3
   677 | D:2      | Found a blossoming altar of Fedhas.
   959 | D:2      | Found a faded altar of an unknown god.
   980 | D:2      | Noticed Ijyb
   995 | D:2      | Slain by Ijyb

Skill      XL: |  1  2  3  4 |
---------------+-------------+-----
Long Blades    | 3 4 |  4.2
Fighting       | 4 |  4.7
Shields        | 4 |  4.2
Armour         | 4 |  4.1

Action                   |  1- 3 |  4- 6 || total
-------------------------+-------+-------++-------
Melee: Long sword        |    35 |    60 ||    95
       Headbutt          |     4 |     5 ||     9
  Use: Scroll            |       |     6 ||     6
Armor: Scale mail        |    13 |    28 ||    41
Dodge: Dodged            |    14 |    18 ||    32
Block: Shield            |    26 |    39 ||    65
       Rpst.: Long sword |     3 |     4 ||     7
